 Dungeon Crawl Stone Soup version 0.24.0-1-gfbc8707122 (webtiles) character file.

Game seed: 3960698358796522616, levelgen mode: deterministic

2048 Masnef the Basher (level 9, -5/52 (53) HPs)
             Began as a Tengu Skald on Oct 27, 2019.
             Slain by an orc warrior
             ... wielding a +0 short sword
              (18 damage)
             ... on level 6 of the Dungeon.
             The game lasted 00:13:56 (7919 turns).

Masnef the Basher (Tengu Skald)                     Turns: 7919, Time: 00:13:57

HP:   -5/52 (53)    AC:  3    Str: 11    XL:     9   Next: 24%
MP:   16/16         EV: 16    Int: 16    God:
Gold: 332           SH:  0    Dex: 15    Spells: 13/16 levels left

rFire    x . .     SeeInvis .   s - +2 flail (protect)
rCold    + . .     Gourm    .   (no shield)
rNeg     . . .     Faith    .   b - +0 leather armour
rPois    .         Spirit   .   (helmet restricted)
rElec    .         Reflect  .   (no cloak)
rCorr    .         Harm     .   (no gloves)
MR       .....                  (boots unavailable)
Stlth    +.........             (no amulet)
HPRegen  0.17/turn              u - ring of ice
MPRegen  0.15/turn              (no ring)

@: infused, flying quickly and evasively, quick
A: beak, talons 3, able to fly
a: Stop Flying


You were on level 6 of the Dungeon.
You were hungry.

You visited 2 branches of the dungeon, and saw 9 of its levels.

You collected 332 gold pieces.

Inventory:

Hand Weapons
 a - a +0 mace
 j - a +0 vampiric dagger
 r - a +2 short sword of holy wrath
 s - a +2 flail of protection (weapon)
 z - a +2 whip of freezing
Armour
 b - a +0 leather armour (worn)
 w - a +2 robe of cold resistance
 x - a +0 cloak
Jewellery
 u - a ring of ice (left hand)
Wands
 v - a wand of polymorph (8)
Scrolls
 e - a scroll of identify
 f - 2 scrolls of amnesia {unknown}
 i - 4 scrolls of remove curse
 n - 3 scrolls of teleportation {unknown}
 p - a scroll of enchant armour {unknown}
 q - a scroll of blinking {unknown}
 y - a scroll of immolation {unknown}
Potions
 c - 2 potions of heal wounds
 g - a potion of magic
 h - 3 potions of agility
 k - a potion of might
 l - 4 potions of brilliance
 m - a potion of ambrosia
 o - a potion of invisibility {unknown}
 t - 2 potions of flight {unknown}
Comestibles
 d - 8 rations
 A - 4 chunks of flesh


   Skills:
 + Level 4.9 Fighting
 + Level 9.1 Maces & Flails
 - Level 1.1 Armour
 + Level 4.5 Dodging
 + Level 4.2 Spellcasting
 - Level 4.0 Charms
 - Level 2.0 Translocations


You had 13 spell levels left.
You knew the following spells:

 Your Spells              Type           Power        Failure   Level  Hunger
a - Infusion              Chrm           ###.         4%          1    None
b - Shroud of Golubria    Chrm/Tloc      ##....       10%         2    ##.....

Your spell library contained the following spells:

 Spells                   Type           Power        Failure   Level  Hunger
 Song of Slaying          Chrm           ###.....     6%          2    ##.....
 Regeneration             Chrm/Necr      #.........   28%         3    ###....
 Spectral Weapon          Hex/Chrm       #.......     28%         3    ###....


Dungeon Overview and Level Annotations

Branches:
Dungeon (8/15)             Temple (1/1) D:5
   Lair: D:8-11

Altars:
Ashenzari
Dithmenos
Fedhas
Hepliaklqana
Kikubaaqudgha
Makhleb
Nemelex Xobeh
Okawaru
Ru
Sif Muna
Uskayaw
Xom
Yredelemnul
Zin
The Shining One

Shops:
D:4 [


Innate Abilities, Weirdness & Mutations

You have a beak for a mouth.
You have claws for feet.
You can fly continuously.


Message History

Casting: Shroud of Golubria (safe; 10% risk of failure)
Confirm with . or Enter, or press ? or * to list all spells.
You begin infusing your attacks with magical energy.
Unknown command.
You are feeling hungry.
You sock the orc warrior!
You claw the orc warrior, but do no damage.
You peck the orc warrior, but do no damage.
The orc warrior is heavily wounded.
The orc warrior hits you with a +0 short sword!
The orc priest invokes the aid of Beogh against you.
Beogh smites you!
* * * LOW HITPOINT WARNING * * *
The orc closely misses you. The orc closely misses you.
The orc closely misses you.
There is a stone staircase leading up here.
Magic restored.
The orc warrior hits you with a +0 short sword!!
You die...

.<........#
#..............####
.........>##...............#
..........##...............#
#....#....#................#
..........#................#
#...##....#................#
(((........................#
..........# #.............##
...p......# #..@oo.......#
..(....... ##....#.#.....#
.........####.....o.#.....#
..(..##...#.......o.#.....#
.......##...........#.....#
...)......<...............#
.......#♣P.≈♣#.....########
........PP≈P≈......#
#.......♣P≈.........#


You could see an orc warrior, an orc priest and 2 orcs.

Vanquished Creatures
  Pikel (D:5)
  Grinder (D:5)
  Edmund (D:5)
  A water moccasin (D:8)
  A phantom (D:6)
  A necrophage (D:5)
  A centaur (D:6)
  Blork the orc (D:5)
  2 scorpions (D:4)
  A howler monkey (D:2)
  A centaur zombie (D:5)
  A jelly (D:5)
  2 hounds
  6 orc wizards
  2 iguanas (D:5)
  5 worker ants
  A hound zombie (D:6)
  A worker ant zombie (D:6)
  Robin (D:3)
  3 gnolls (D:4)
  12 adders
  An ooze (D:1)
  4 leopard geckos
  10 orcs
  2 ball pythons
  5 giant cockroaches
  10 hobgoblins
  10 jackals
  4 quokkas
  6 bats
  2 frilled lizards
  14 goblins
  9 kobolds
  7 rats
130 creatures vanquished.

Vanquished Creatures (others)
  2 slaves (D:6)
  A bullfrog skeleton (D:6)
  A kobold (D:2)
  A quokka (D:5)
5 creatures vanquished.

Grand Total: 135 creatures vanquished

Notes
Turn   | Place    | Note
-------+----------+-------------------------------------------
     0 | D:1      | Masnef the Tengu Skald began the quest for the Orb.
     0 | D:1      | Reached XP level 1. HP: 12/12 MP: 4/4
     3 | D:1      | Noticed an anaconda
     7 | D:1      | Noticed an elephant
   607 | D:1      | Reached skill level 3 in Maces & Flails
   607 | D:1      | Reached XP level 2. HP: 17/17 MP: 6/6
  1128 | D:2      | Reached XP level 3. HP: 7/21 MP: 4/7
  1704 | D:2      | Reached skill level 4 in Maces & Flails
  1937 | D:2      | Learned a level 2 spell: Shroud of Golubria
  2181 | D:2      | Reached XP level 4. HP: 26/26 MP: 2/8
  2194 | D:2      | Gained mutation: You can fly continuously. [Tengu growth]
  2194 | D:2      | Reached XP level 5. HP: 19/30 MP: 1/9
  2616 | D:3      | Noticed Robin
  2640 | D:3      | Killed Robin
  2640 | D:3      | Reached skill level 5 in Maces & Flails
  3631 | D:3      | Reached XP level 6. HP: 36/36 MP: 10/10
  5020 | D:4      | Reached skill level 1 in Translocations
  5029 | D:4      | Reached XP level 7. HP: 18/40 MP: 2/11
  5356 | D:4      | HP: 2/40 [something (3)]
  5359 | D:4      | Reached skill level 6 in Maces & Flails
  5910 | D:4      | Found a glowing golden altar of the Shining One.
  6002 | D:4      | Found Qootwid's Antique Armour Boutique.
  6128 | D:5      | Entered Level 5 of the Dungeon
  6146 | D:5      | Noticed Edmund
  6160 | D:5      | Killed Edmund
  6258 | D:5      | Noticed Blork the orc
  6273 | D:5      | Killed Blork the orc
  6273 | D:5      | Reached XP level 8. HP: 46/46 MP: 13/13
  6317 | D:5      | Found a staircase to the Ecumenical Temple.
  6327 | Temple   | Entered the Ecumenical Temple
  6565 | D:5      | Reached skill level 7 in Maces & Flails
  6999 | D:5      | Noticed Grinder
  7012 | D:5      | Killed Grinder
  7107 | D:6      | Noticed Pikel
  7336 | D:5      | Killed Pikel
  7336 | D:5      | Reached skill level 8 in Maces & Flails
  7336 | D:5      | Reached XP level 9. HP: 51/51 MP: 10/16
  7745 | D:6      | Reached skill level 9 in Maces & Flails
  7775 | D:6      | You are sucked into a shaft and drop 2 floors!
  7863 | D:6      | Found a shadowy altar of Dithmenos.
  7919 | D:6      | Slain by an orc warrior

Levels and vault maps discovered:
D:1:      sevenhm_arrival_forest_fort_small_2, layout_basic
D:2:      layout_basic, minmay_tall_x
D:3:      layout_basic, first_ration, uniq_robin
D:4:      layout_loops_ring, overflow_temple_1_default, serial_shops,
          kennysheep_mini_moat
D:5:      layout_rooms, minmay_temple_entry_glassed_door, minmay_starry_boxes,
          uniq_edmund, uniq_blork_the_orc, uniq_grinder
D:6:      layout_rooms, old_standard_altar, serial_bayou_pond_e, uniq_pikel,
          uniq_menkaure
D:7:      minmay_razor_zed, layout_loops_ring, grunt_livestock,
          palyth_stone_intersect, kennysheep_big_empty_room,
          kennysheep_windowed_goal
D:8:      layout_loops_ring, minmay_overflow_temple_hex
Temple:   nicolae_temple_god_jail

Skill      XL: |  1  2  3  4  5  6  7  8  9 |
---------------+----------------------------+-----
Maces & Flails | 3 4 5 6 8 9 |  9.1
Charms         | 3 4 |  4.0
Dodging        | 3 4 |  4.5
Translocations | 1 2 |  2.0
Fighting       | 3 4 |  4.9
Spellcasting   | 4 |  4.2
Armour         | |  1.1

Action                   |  1- 3 |  4- 6 |  7- 9 || total
-------------------------+-------+-------+-------++-------
Melee: Mace              |    75 |   161 |    64 ||   300
       Peck              |     9 |    20 |    29 ||    58
       Kick              |    12 |    39 |    49 ||   100
       Dagger            |     1 |       |       ||     1
       Flail             |       |       |   118 ||   118
 Cast: Infusion          |     3 |    13 |    13 ||    29
       Shroud of Golubri |     1 |     4 |     9 ||    14
 Abil: Fly               |       |     1 |       ||     1
  Use: Scroll            |     1 |     6 |     1 ||     8
       Potion            |       |     1 |     2 ||     3
  Eat: Chunk             |     4 |     7 |     5 ||    16
       Ration            |       |     1 |     1 ||     2
Armor: Leather armour    |    25 |    40 |    29 ||    94
       Skin              |       |       |     4 ||     4
Dodge: Dodged            |    50 |   168 |   138 ||   356
